 Dungeon Crawl Stone Soup version 0.21.0-3-g78d12a8 (webtiles) character file.

49 pstr the Digger (level 3, 0/28 HPs)
             Began as a Naga Earth Elementalist on Jan 17, 2018.
             Was a Follower of Makhleb.
             Shot with an arrow by a centaur (3 damage)
             ... on level 2 of the Dungeon.
             The game lasted 00:03:39 (1357 turns).

pstr the Digger (Naga Earth Elementalist)           Turns: 1357, Time: 00:03:40

Health: 0/28       AC:  2    Str: 10    XL:     3   Next: 75%
Magic:  0/6        EV: 10    Int: 16    God:    Makhleb [*.....]
Gold:   78         SH:  0    Dex: 11    Spells: 3/7 levels left

rFire    . . .     SeeInvis +   (no weapon)
rCold    . . .     Gourm    .   (no shield)
rNeg     . . .     Faith    .   c - +0 robe
rPois    +         Spirit   .   (no helmet)
rElec    .         Reflect  .   (no cloak)
rCorr    .         Harm     .   (no gloves)
MR       .....                  (no barding)
Stlth    ++........             (no amulet)
HPRegen  0.09/turn              (no ring)
MPRegen  0.10/turn              (no ring)

@: short of breath, very slow
A: large, see invisible, deformed body, poison resistance, slowness 2, slow
metabolism 1, spit poison 1, AC +1
a: Spit Poison, Renounce Religion


You were on level 2 of the Dungeon.
You worshipped Makhleb.
Makhleb was aware of your devotion.
You were hungry.

You visited 1 branch of the dungeon, and saw 2 of its levels.

You collected 78 gold pieces.

Inventory:

Missiles
 b - 7 stones (quivered)
Armour
 c - a +0 robe (worn)
Scrolls
 f - 2 scrolls of enchant weapon {unknown}
 l - a scroll of identify {unknown}
 m - a scroll of noise {unknown}
 o - 2 scrolls of enchant armour {unknown}
 p - a scroll of remove curse {unknown}
 q - a scroll of magic mapping {unknown}
Potions
 a - a potion of ambrosia {unknown}
 g - a potion of resistance {unknown}
 h - a potion of flight {unknown}
 i - a potion of mutation {unknown}
 j - a potion of agility {unknown}
 k - a potion of curing {unknown}
 n - a potion of heal wounds {unknown}
Books
 e - a book of Geomancy

   Spells                             Type                      Level
   a - Sandblast                      Earth                        1
   b - Passwall                       Transmutation/Earth          2
   c - Stone Arrow                    Conjuration/Earth            3
   d - Petrify                        Transmutation/Earth          4
   e - Lee's Rapid Deconstruction     Earth                        5
Comestibles
 d - 2 rations


   Skills:
 + Level 2.0 Dodging
 + Level 3.4 Stealth
 + Level 2.5 Spellcasting
   Level 1.0 Transmutations
 + Level 3.7 Earth Magic


You had 3 spell levels left.
You knew the following spells:

 Your Spells              Type           Power        Failure   Level  Hunger
a - Sandblast             Erth           ##....       4%          1    #......
b - Stone Arrow           Conj/Erth      #.....       26%         3    ###....


Dungeon Overview and Level Annotations

Branches:
Dungeon (2/15)

Altars:
Makhleb


Innate Abilities, Weirdness & Mutations

You cannot wear boots.
Your serpentine skin is tough. (AC +1)
You have supernaturally acute eyesight. (SInv)
Armour fits poorly on your strangely shaped body.
Your system is resistant to poisons. (rPois)
You cover ground very slowly.
You have a slow metabolism.
You can spit poison.


Message History

Confirm with . or Enter, or press ? or * to list all spells.
Aiming: Stone Arrow
Press: ? - help, Shift-Dir - straight line, f/p - centaur
Aim: a centaur, wielding a shortbow (moderately wounded)
The stone arrow hits the centaur.
The centaur is severely wounded.
The centaur shoots an arrow.
The arrow hits you.
The centaur shoots an arrow.
The arrow hits you.
Casting: Stone Arrow
Confirm with . or Enter, or press ? or * to list all spells.
You don't have enough magic to cast that spell.
Press: ? - help, Shift-Dir - straight line, f/p - centaur
Aim: a centaur, wielding a shortbow (severely wounded)
The splash of poison hits the centaur.
The centaur appears unharmed.
The centaur is severely wounded.
You are feeling hungry.
The centaur shoots an arrow.
The arrow hits you!
* * * LOW HITPOINT WARNING * * *
The centaur shoots an arrow.
The arrow hits you.
You die...

#. . #. .#
.. #. .. ...
#. #. #..#
#( #.. #...
#c #.###..#
#.###
......#
#.(.####
##....#
###@...#
#......
####.##
##.#....
#..###
#..#....
##...#
#.##....
###.#
#.##.... #.#
#.##....
#.###.######
#.##..#
#..#.##


You could see a centaur.

Vanquished Creatures
  2 adders (D:2)
  A leopard gecko (D:1)
  6 bats
  3 giant cockroaches (D:1)
  2 goblins
  3 hobgoblins
  2 jackals (D:1)
  A quokka (D:2)
  A ball python (D:1)
  4 frilled lizards
  A rat (D:1)
26 creatures vanquished.

Notes
Turn   | Place    | Note
-------+----------+-------------------------------------------
     0 | D:1      | pstr the Naga Earth Elementalist began the quest for the Orb.
     0 | D:1      | Reached XP level 1. HP: 15/15 MP: 3/3
   282 | D:1      | Reached XP level 2. HP: 22/22 MP: 3/5
   795 | D:2      | Found a faded altar of an unknown god.
   813 | D:2      | Reached XP level 3. HP: 28/28 MP: 0/6
   822 | D:1      | Learned a level 3 spell: Stone Arrow
  1261 | D:2      | Became a worshipper of Makhleb the Destroyer
  1261 | D:2      | Reached * piety under Makhleb
  1352 | D:2      | Noticed a centaur
  1357 | D:2      | Shot with an arrow by a centaur

Skill      XL: |  1  2  3 |
---------------+----------+-----
Dodging        | 2 |  2.0
Stealth        | |  3.4
Spellcasting   | |  2.5
Transmutations | |  1.0
Earth Magic    | |  3.7

Action                   || total
-------------------------++-------
Melee: Unarmed           ||     2
Throw: Stone             ||     1
 Cast: Sandblast         ||    38
       Stone Arrow       ||     7
 Abil: Spit Poison       ||     9
  Eat: Chunk             ||     2
Armor: Robe              ||    17
Dodge: Dodged            ||    32
